 Dungeon Crawl Stone Soup version 0.17.0-28-g6e173f8 (webtiles) character file.

197 plasmid the Changer (level 5, -7/49 HPs)
             Began as a Draconian Transmuter on Nov 30, 2015.
             Mangled by septik's ghost (10 damage)
             ... on level 4 of the Dungeon.
             The game lasted 00:39:56 (3183 turns).

plasmid the Changer (Draconian Transmuter)          Turns: 3183, Time: 00:39:57

Health: -7/49      AC:  6    Str: 12    XL:     5   Next: 46%
Magic:  8/8        EV: 10    Int: 20    God:
Gold:   167        SH:  0    Dex: 13    Spells: 3 memorised, 0 levels left

rFire  x . .     SeeInvis .       - Unarmed
rCold  + + +     Clarity  .     (armour unavailable)
rNeg   . . .     SustAt   +     (shield currently unavailable)
rPois  +         Gourm    .     (helmet currently unavailable)
rElec  .         Spirit   .     (cloak currently unavailable)
rCorr  .         Warding  .     (gloves currently unavailable)
rMut   .         Stasis   .     (boots currently unavailable)
MR     .....                    (no amulet)
Stlth  +.........               o - +2 ring of dexterity
                                y - ring of sustain attributes

@: brilliant, ice-form, not resistant to hostile enchantments, very unstealthy
A: unfitting armour, (cold-blooded), AC +5
a: End Transformation


You were on level 4 of the Dungeon.
You were not hungry.
You were a creature of crystalline ice.
You visited 1 branch of the dungeon, and saw 4 of its levels.

You collected 167 gold pieces.

Inventory:

Hand Weapons
 e - a +0 spear
 h - a +0 club
 i - a +0 club
 r - a +0 flail
 s - a cursed +0 club
 t - a +0 club
 v - a +0 club
 w - a +0 club
 x - a +0 club
 A - a +0 falchion
 C - a +0 hand axe
 E - a +1 whip of venom
 F - a +0 club
 G - a +0 whip
 J - a +0 great sword
 K - a cursed -1 club
 M - a +2 dagger of venom
Missiles
 a - 52 arrows (quivered)
 d - 5 needles of sleeping
 k - 31 bolts
 m - 109 stones
 p - 12 sling bullets
 B - 18 poisoned needles
 L - 7 tomahawks
Jewellery
 f - an uncursed amulet of warding {unknown}
 o - a +2 ring of dexterity (right front paw)
 q - an uncursed ring of sustain attributes
 y - a ring of sustain attributes (left front paw)
 I - an uncursed amulet of faith
Scrolls
 l - a scroll of magic mapping
 u - 2 scrolls of recharging
Potions
 n - a potion of magic {unknown}
 D - a potion of ambrosia {unknown}
 N - a potion of berserk rage {unknown}
Books
 b - a book of Changes

   Spells                             Type                      Level
   a - Beastly Appendage              Transmutation                1
   b - Sticks to Snakes               Transmutation                2
   c - Spider Form                    Transmutation/Poison         3
   d - Ice Form                       Ice/Transmutation            4
   e - Blade Hands                    Transmutation                5
Comestibles
 c - 2 bread rations
 j - 2 meat rations
 z - a royal jelly
 H - a fruit


   Skills:
 + Level 2.0 Fighting
 + Level 2.4 Dodging
 - Level 3.0 Unarmed Combat
 - Level 2.0 Spellcasting
 * Level 4.8 Transmutations
 + Level 1.3 Poison Magic


You couldn't memorise any spells.
You knew the following spells:

 Your Spells              Type           Power        Failure   Level  Hunger
a - Beastly Appendage     Trmt           ####..       1%          1    #......
b - Spider Form           Trmt/Pois      ####......   1%          3    ###....
c - Ice Form              Ice/Trmt       ###.....     12%         4    #####..


Dungeon Overview and Level Annotations

Branches:
Dungeon (4/15)
 Temple: D:4-7

Altars:
Nemelex Xobeh
Sif Muna

Annotations:
D:4 septik's ghost, amateur GrFi


Innate Abilities, Weirdness & Mutations

((Your plain brown scales are hard (AC +5).))
Your body does not fit into most forms of armour.
((You are cold-blooded and may be slowed by cold attacks.))


Message History

You hit septik's ghost. You freeze septik's ghost.
Septik's ghost is heavily damaged.
Septik's ghost hits you!
* * * LOW HITPOINT WARNING * * *
There is an open door here.
You hit septik's ghost. You freeze septik's ghost.
Septik's ghost is heavily damaged.
Septik's ghost hits you.
* * * LOW HITPOINT WARNING * * *
Septik's ghost hits you.
* * * LOW HITPOINT WARNING * * *
Drink which item? (? for menu, Esc to quit)
Okay, then.
Read which item? (? for menu, Esc to quit)
Okay, then.
Septik's ghost closely misses you. Septik's ghost hits you!
* * * LOW HITPOINT WARNING * * *
Septik's ghost hits you!
You die...

#....# #....#
#....# #....#
######....#
#....#....####
##.#.#........
#.#<#.#+#####
##Y###.#......
#..W........>.
######.#######
#... #####


You could see septik's ghost.

Vanquished Creatures
  An orc priest (D:3)
  An orc wizard (D:3)
  7 adders
  An ooze (D:4)
  A worm (D:2)
  2 giant geckos
  9 orcs (D:3)
  7 bats
  A giant cockroach (D:2)
  6 goblins
  9 hobgoblins
  7 kobolds
  A quokka (D:2)
  2 ball pythons (D:3)
  4 giant newts
  6 rats
65 creatures vanquished.

Notes
Turn   | Place    | Note
--------------------------------------------------------------
     0 | D:1      | plasmid the Draconian Transmuter began the quest for the Orb.
     0 | D:1      | Reached XP level 1. HP: 16/16 MP: 3/3
   142 | D:1      | Reached XP level 2. HP: 15/23 MP: 3/5
   975 | D:2      | Reached XP level 3. HP: 25/28 MP: 6/6
  1022 | D:2      | Found a deep blue altar of Sif Muna.
  1477 | D:2      | Reached skill level 4 in Transmutations
  1485 | D:2      | Learned a level 3 spell: Spider Form
  1491 | D:2      | Found a sparkling altar of Nemelex Xobeh.
  1722 | D:2      | Reached XP level 4. HP: 25/35 MP: 4/7
  2310 | D:3      | Reached XP level 5. HP: 38/41 MP: 8/8
  2331 | D:3      | Reached skill level 1 in Poison Magic
  3123 | D:4      | Noticed septik's ghost (amateur GrFi)
  3134 | D:4      | Learned a level 4 spell: Ice Form
  3183 | D:4      | Mangled by septik's ghost

Action                   |  1- 3 |  4- 6 || total
-------------------------+-------+-------++-------
Melee: Unarmed           |   138 |   135 ||   273
 Cast: Beastly Appendage |    19 |    12 ||    31
       Spider Form       |       |     6 ||     6
       Ice Form          |       |     1 ||     1
  Use: Scroll            |     4 |     7 ||    11
       Potion            |     1 |     4 ||     5
  Eat: Chunk             |     3 |     5 ||     8
       Bread ration      |       |     1 ||     1
